PAA
MERCER ISLAND SCREAMING EAGLES @ SPRINGFIELD SHOOTERS
08/19/2020
 
TOP OF THE 1ST
Mercer Island Screaming Eagles batting - Pitching for Springfield Shooters : RHP Jim Unknown
Pitching: RHP Jim Unknown
Batting: LHB Mike Russell 0-0: Called Strike
0-1: Swinging Strike
0-2: Foul Ball, location: 2F
0-2: Foul Ball, location: 2F
0-2: Ground out 1-3 (Groundball, 13)
Batting: RHB Luis Jiménez 0-0: Called Strike
0-1: Fly out, F7 (Line Drive, 78M)
Batting: RHB Luis Antonio Hernández 0-0: Called Strike
0-1: Ball
1-1: Swinging Strike
1-2: Strikes out swinging
Top of the 1st over - 0 run(s), 0 hit(s), 0 error(s), 0 left on base; Mercer Island 0 - Springfield 0
BOTTOM OF THE 1ST
Springfield Shooters batting - Pitching for Mercer Island Screaming Eagles : RHP Larry Branch
Pitching: RHP Larry Branch
Batting: RHB Tom Potts 0-0: Bunt for hit - play at first, batter OUT! 3-4
Batting: SHB Adrián Pueblo 0-0: Foul Ball, location: 2F
0-1: Ball
1-1: Called Strike
1-2: DOUBLE (Line Drive, 9LS)
Batting: SHB Jared Jefferson 0-0: SINGLE (Line Drive, 8RS)
Adrián Pueblo to third
Runner from 3rd tries for Home, SAFE, throw made home
Batting: RHB Randy Galloway 0-0: Called Strike
0-1: Fly out, F9 (Flyball, 9S)
Batting: RHB Jim Unknown 0-0: Ball
1-0: Ball
2-0: Foul Ball, location: 2F
2-1: Ball
3-1: Fly out, F4 (Popup, 34D)
Bottom of the 1st over - 1 run(s), 2 hit(s), 0 error(s), 1 left on base; Mercer Island 0 - Springfield 1
TOP OF THE 2ND
Mercer Island Screaming Eagles batting - Pitching for Springfield Shooters : RHP Jim Unknown
Batting: LHB Nelson Plasenia 0-0: Called Strike
0-1: Foul Ball, location: 2F
0-2: Ball
1-2: Strikes out swinging
Batting: SHB Ray Davis 0-0: SINGLE (Groundball, 34D)
Batting: RHB Vincente Flores 0-0: Fielders Choice at 2nd, 1-4 (Groundball, 23)
Batting: LHB Tom Smith 0-0: Ball
1-0: Fielders Choice at 2nd, 5-4 (Groundball, 56)
Top of the 2nd over - 0 run(s), 1 hit(s), 0 error(s), 0 left on base; Mercer Island 0 - Springfield 1
BOTTOM OF THE 2ND
Springfield Shooters batting - Pitching for Mercer Island Screaming Eagles : RHP Larry Branch
Batting: LHB Jim Unknown 0-0: Swinging Strike
0-1: Ball
1-1: Called Strike
1-2: Foul Ball, location: 2F
1-2: Ball
2-2: Foul Ball, location: 2F
2-2: Ground out 4-3 (Groundball, 34)
Batting: LHB Jim Unknown 0-0: Ball
1-0: Ball
2-0: Foul Ball, location: 2F
2-1: Ball
3-1: Foul Ball, location: 2F
3-2: Ground out 6-3 (Groundball, 6M)
Batting: RHB Jim Unknown Reached via error on a dropped throw, E3
Batting: LHB Jim Unknown 0-0: Called Strike
0-1: Called Strike
0-2: Strikes out looking
Bottom of the 2nd over - 0 run(s), 0 hit(s), 1 error(s), 1 left on base; Mercer Island 0 - Springfield 1
TOP OF THE 3RD
Mercer Island Screaming Eagles batting - Pitching for Springfield Shooters : RHP Jim Unknown
Batting: RHB Luis Rodríguez 0-0: Ball
1-0: Called Strike
1-1: SINGLE (Flyball, 4D)
Batting: RHB P.J. O'Keefe 0-0: Ball
1-0: Foul Ball, location: 2F
1-1: Ball
2-1: Ground out 5-3 (Groundball, 5S)
Luis Rodríguez to second
Batting: LHB Mike Russell 0-0: Ball
1-0: Foul Ball, location: 2F
1-1: Ball
2-1: Ball
3-1: SINGLE (Flyball, 7S)
Luis Rodríguez to third
Runner from 3rd tries for Home, SAFE, no throw or cutoff
Batting: RHB Luis Jiménez 0-0: Called Strike
0-1: Ground out 5-3 (Groundball, 5S)
Mike Russell to second
Batting: RHB Luis Antonio Hernández 0-0: Ball
1-0: Called Strike
1-1: Ground out 6-3 (Groundball, 6)
Top of the 3rd over - 1 run(s), 2 hit(s), 0 error(s), 1 left on base; Mercer Island 1 - Springfield 1
BOTTOM OF THE 3RD
Springfield Shooters batting - Pitching for Mercer Island Screaming Eagles : RHP Larry Branch
Batting: RHB Tom Potts 0-0: Called Strike
0-1: Bunt missed!
0-2: Ball
1-2: Ball
2-2: Foul Ball, location: 2F
2-2: Ball
3-2: Base on Balls
Batting: SHB Adrián Pueblo 0-0: Ball
1-0: Fly out, F7 (Line Drive, 7S)
Batting: SHB Jared Jefferson 0-0: Ball
1-0: Foul Ball, location: 2F
1-1: Called Strike
1-2: SINGLE (Line Drive, 89S)
Tom Potts to second
Tom Potts to third
Batting: RHB Randy Galloway 0-0: Called Strike
0-1: Ball
Single, Error in OF, E7, batter to second base
Tom Potts scores
Jared Jefferson to third
Batting: RHB Jim Unknown 0-0: Ball
1-0: Fly out, F3 (Line Drive, 3S)
Batting: LHB Jim Unknown 0-0: Swinging Strike
0-1: Ball
1-1: Called Strike
1-2: SINGLE (Groundball, 34D) (infield hit)
Jared Jefferson scores
Randy Galloway to third
Batting: LHB Jim Unknown 0-0: Called Strike
0-1: Ball
1-1: Ball
2-1: Ball
3-1: Foul Ball, location: 2F
3-2: Fly out, F5 (Popup, 2R)
Bottom of the 3rd over - 2 run(s), 3 hit(s), 1 error(s), 2 left on base; Mercer Island 1 - Springfield 3
TOP OF THE 4TH
Mercer Island Screaming Eagles batting - Pitching for Springfield Shooters : RHP Jim Unknown
Batting: LHB Nelson Plasenia 0-0: Foul Ball, location: 2F
0-1: Ball
1-1: Swinging Strike
1-2: Ground out 3-1 (Groundball, 34)
Batting: SHB Ray Davis 0-0: Called Strike
0-1: Ball
1-1: Fly out, F8 (Flyball, 8LM)
Batting: RHB Vincente Flores 0-0: Ground out U3 (Groundball, 3)
Top of the 4th over - 0 run(s), 0 hit(s), 0 error(s), 0 left on base; Mercer Island 1 - Springfield 3
BOTTOM OF THE 4TH
Springfield Shooters batting - Pitching for Mercer Island Screaming Eagles : RHP Larry Branch
Batting: RHB Jim Unknown 0-0: Ball
1-0: Called Strike
1-1: Swinging Strike
1-2: SINGLE (Groundball, 56D)
Batting: LHB Jim Unknown 0-0: Ball
Jim Unknown steals 2nd base
1-0: Foul Ball, location: 2F
1-1: Ball
2-1: Foul Ball, location: 2F
2-2: Fly out, F5 (Popup, 56S)
Batting: RHB Tom Potts 0-0: Called Strike
0-1: Swinging Strike
0-2: Ball
1-2: Foul Ball, location: 2F
1-2: Ground out 6-3 (Groundball, 56)
Batting: SHB Adrián Pueblo 0-0: Called Strike
0-1: Called Strike
0-2: Ball
1-2: Foul Ball, location: 2F
1-2: Ball
2-2: Ground out 5-3 (Groundball, 56)
Bottom of the 4th over - 0 run(s), 1 hit(s), 0 error(s), 1 left on base; Mercer Island 1 - Springfield 3
TOP OF THE 5TH
Mercer Island Screaming Eagles batting - Pitching for Springfield Shooters : RHP Jim Unknown
Batting: LHB Tom Smith 0-0: Ball
1-0: Ball
2-0: Called Strike
2-1: Called Strike
2-2: Strikes out swinging
Batting: RHB Luis Rodríguez 0-0: Ball
1-0: Called Strike
1-1: Called Strike
1-2: Strikes out swinging
Batting: RHB P.J. O'Keefe 0-0: Foul Ball, location: 2F
0-1: Ground out 6-3 (Groundball, 6)
Top of the 5th over - 0 run(s), 0 hit(s), 0 error(s), 0 left on base; Mercer Island 1 - Springfield 3
BOTTOM OF THE 5TH
Springfield Shooters batting - Pitching for Mercer Island Screaming Eagles : RHP Larry Branch
Batting: SHB Jared Jefferson 0-0: Called Strike
0-1: Ball
1-1: Foul Ball, location: 2F
1-2: Fly out, F8 (Flyball, 89XD)
Batting: RHB Randy Galloway 0-0: Called Strike
0-1: Foul Ball, location: 2F
0-2: Ball
1-2: Foul Ball, location: 2F
1-2: Fly out, F2 (Popup, 2LF)
Batting: RHB Jim Unknown 0-0: Ball
1-0: Called Strike
1-1: Ball
2-1: Foul Ball, location: 2F
2-2: Fly out, F9 (Flyball, 9D)
Bottom of the 5th over - 0 run(s), 0 hit(s), 0 error(s), 0 left on base; Mercer Island 1 - Springfield 3
TOP OF THE 6TH
Mercer Island Screaming Eagles batting - Pitching for Springfield Shooters : RHP Jim Unknown
Batting: LHB Mike Russell 0-0: Ball
1-0: Ball
Single, Error in OF, E7, batter to second base
Batting: RHB Luis Jiménez 0-0: Ball
1-0: Fly out, F7 (Flyball, 7M)
Batting: RHB Luis Antonio Hernández 0-0: Ball
1-0: Ball
2-0: Foul Ball, location: 2F
2-1: Foul Ball, location: 2F
2-2: Fly out, F8 (Flyball, 78D)
Batting: LHB Nelson Plasenia 0-0: Foul Ball, location: 2F
0-1: Foul Ball, location: 2F
0-2: Ball
1-2: Ball
2-2: Strikes out swinging
Top of the 6th over - 0 run(s), 1 hit(s), 1 error(s), 1 left on base; Mercer Island 1 - Springfield 3
BOTTOM OF THE 6TH
Springfield Shooters batting - Pitching for Mercer Island Screaming Eagles : RHP Larry Branch
Batting: LHB Jim Unknown 0-0: Fly out, F8 (Flyball, 8RM)
Batting: LHB Jim Unknown 0-0: Ball
1-0: Called Strike
1-1: SOLO HOME RUN (Flyball, 9D), Distance : 374 ft
Batting: RHB Jim Unknown 0-0: Called Strike
0-1: Swinging Strike
0-2: Ball
1-2: Strikes out swinging
Batting: LHB Jim Unknown 0-0: Ball
1-0: SINGLE (Line Drive, 7S)
Batting: RHB Tom Potts 0-0: Ball
1-0: Called Strike
1-1: Ball
2-1: Ball
3-1: Base on Balls
Jim Unknown to second
Batting: SHB Adrián Pueblo 0-0: Ball
1-0: Foul Ball, location: 2F
1-1: Swinging Strike
1-2: Foul Ball, location: 2F
1-2: Strikes out swinging
Bottom of the 6th over - 1 run(s), 2 hit(s), 0 error(s), 2 left on base; Mercer Island 1 - Springfield 4
TOP OF THE 7TH
Mercer Island Screaming Eagles batting - Pitching for Springfield Shooters : RHP Jim Unknown
Batting: SHB Ray Davis 0-0: Ball
1-0: Fly out, F7 (Flyball, 78M)
Batting: RHB Vincente Flores 0-0: Called Strike
0-1: Ball
1-1: Foul Ball, location: 2F
1-2: Ground out U3 (Groundball, 3S)
Batting: LHB Tom Smith 0-0: Ball
1-0: SINGLE (Groundball, 5D)
Batting: RHB Luis Rodríguez 0-0: Fly out, F8 (Flyball, 8LM)
Top of the 7th over - 0 run(s), 1 hit(s), 0 error(s), 1 left on base; Mercer Island 1 - Springfield 4
BOTTOM OF THE 7TH
Springfield Shooters batting - Pitching for Mercer Island Screaming Eagles : RHP Larry Branch
Batting: SHB Jared Jefferson 0-0: SINGLE (Line Drive, 4MD)
Batting: RHB Randy Galloway 0-0: Ball
1-0: Ball
2-0: Called Strike
2-1: Foul Ball, location: 2F
2-2: Ball
3-2: Foul Ball, location: 2F
3-2: Foul Ball, location: 2F
3-2: Base on Balls
Jared Jefferson to second
Batting: RHB Jim Unknown 0-0: Ball
1-0: Ball
2-0: Ball
3-0: Called Strike
3-1: Fly out, F7 (Flyball, 8LM)
Pitching: LHP Miguel Mora
Batting: LHB Jim Unknown 0-0: Called Strike
0-1: Swinging Strike
0-2: Ball
1-2: Strikes out swinging
Batting: LHB Jim Unknown 0-0: Swinging Strike
0-1: Ball
1-1: Called Strike
1-2: Ball
2-2: SINGLE (Groundball, 34)
Jared Jefferson to third
Randy Galloway to second
Runner from 3rd tries for Home, SAFE, no throw or cutoff
Batting: RHB Jim Unknown 0-0: Ball
1-0: Foul Ball, location: 2F
1-1: Fielders Choice at 2nd, 6-4 (Groundball, 56)
Bottom of the 7th over - 1 run(s), 2 hit(s), 0 error(s), 1 left on base; Mercer Island 1 - Springfield 5
TOP OF THE 8TH
Mercer Island Screaming Eagles batting - Pitching for Springfield Shooters : RHP Jim Unknown
Batting: RHB P.J. O'Keefe 0-0: Fly out, F9 (Flyball, 89M)
Batting: LHB Mike Russell 0-0: Foul Ball, location: 2F
0-1: Ground out 6-3 (Groundball, 6)
Batting: RHB Luis Jiménez 0-0: Ball
1-0: Called Strike
1-1: Called Strike
1-2: Strikes out swinging
Top of the 8th over - 0 run(s), 0 hit(s), 0 error(s), 0 left on base; Mercer Island 1 - Springfield 5
BOTTOM OF THE 8TH
Springfield Shooters batting - Pitching for Mercer Island Screaming Eagles : LHP Miguel Mora
Batting: LHB Jim Unknown 0-0: Called Strike
0-1: Foul Ball, location: 2F
0-2: Strikes out swinging
Batting: RHB Tom Potts 0-0: Ball
1-0: Ball
2-0: Ground out 6-3 (Groundball, 6M)
Batting: SHB Adrián Pueblo 0-0: Foul Ball, location: 2F
0-1: Ball
1-1: Called Strike
1-2: Ground out 6-3 (Groundball, 6D)
Bottom of the 8th over - 0 run(s), 0 hit(s), 0 error(s), 0 left on base; Mercer Island 1 - Springfield 5
TOP OF THE 9TH
Mercer Island Screaming Eagles batting - Pitching for Springfield Shooters : RHP Jim Unknown
Pitching: LHP Jim Unknown
Batting: RHB Luis Antonio Hernández 0-0: Called Strike
0-1: Ball
1-1: Ground out 6-3 (Groundball, 6)
Batting: LHB Nelson Plasenia 0-0: Ball
1-0: Ball
2-0: Ground out 4-3 (Groundball, 4M)
Batting: SHB Ray Davis 0-0: Ground out 5-3 (Groundball, 56S)
Top of the 9th over - 0 run(s), 0 hit(s), 0 error(s), 0 left on base; Mercer Island 1 - Springfield 5
This league is powered by Out of the Park Baseball, the baseball management simulation game for PC, Mac and Linux
Friday, October 23rd, 2015 - OOTP Baseball 16.9 Build 39